Map: Romanticide LE

Players

MaSa

  • Race: Terran Terran

Astrea - Winner!

  • Race: Protoss Protoss

Event: DreamHack SC2 Masters 2021 Fall

VOD

Have the link to the VOD?

Description

Time

  • Played on: Aug. 14, 2021, 3:58 p.m.
  • Length: 13:42

All games in this series

Show
View Real Time Build Order
Export as new Build Order

MaSa Terran 

Build Orders: 2 Factory 

Get SALT Encoding   

  12  0:00  SCV  
  13  0:12  SCV  
  14  0:17  Supply Depot  
  14  0:24  SCV  
  15  0:38  SCV  
  15  0:39  Barracks  
  16  0:43  Refinery  
  16  0:50  SCV  
  17  1:02  SCV  
  18  1:15  SCV  
  19  1:26  Marine  
  19  1:27  Orbital Command  
  20  1:44  Command Center  
  20  1:48  Barracks Reactor  
  21  1:54  SCV  
  21  2:01  Supply Depot  
  21  2:09  Factory  
  21  2:11  SCV  
  22  2:16  Refinery  
  22  2:24  Marine x2  
  22  2:25  SCV  
  25  2:37  SCV  
  25  2:39  Factory  
  25  2:43  Marine x2  
  28  2:52  Factory Tech Lab  
  28  2:54  SCV  
  29  2:59  Orbital Command  
  29  3:01  Marine  
  30  3:06  SCV  
  31  3:14  Siege Tank  
  31  3:18  SCV  
  35  3:20  Marine  
  35  3:26  Supply Depot  
  36  3:27  Marine  
  36  3:29  Factory Tech Lab  
  36  3:30  SCV  
  36  3:33  SCV  
  38  3:40  Supply Depot  
  38  3:43  Marine  
  38  3:46  Siege Tank  
  42  3:49  SCV  
  42  3:51  SCV  
  44  3:59  Siege Tank  
  44  4:01  SCV  
  48  4:04  Supply Depot  
  48  4:05  SCV  
  48  4:09  Marine x2  
  50  4:16  Supply Depot  
  51  4:21  Siege Tank  
  51  4:23  SCV x2  
  53  4:40  SCV  
  53  4:45  Siege Tank  
  57  4:50  SCV  
  57  4:52  SCV  
  54  4:57  Marine x2  
  54  5:02  SCV  
  54  5:04  Bunker  
  54  5:05  SCV  
  54  5:06  Refinery, Barracks  
  56  5:07  Barracks  
  51  5:15  Marine x2, Siege Tank  
  51  5:20  SCV  
  51  5:23  SCV  
  51  5:29  Supply Depot  
  51  5:32  Marine  
  51  5:33  Marine  
  51  5:34  SCV  
  54  5:36  SCV  
  55  5:46  SCV  
  55  5:48  SCV  
  57  5:50  Marine x2, Engineering Bay  
  57  5:51  Siege Tank  
  57  5:53  Supply Depot  
  59  5:58  Factory Tech Lab  
  59  6:02  SCV  
  59  6:03  SCV  
  56  6:08  Marine  
  55  6:12  Marine  
  55  6:14  SCV, Barracks Tech Lab  
  55  6:15  SCV  
  55  6:20  Siege Tank  
  55  6:22  Marine  
  55  6:23  Siege Tank  
  61  6:26  Marine, SCV  
  59  6:35  SCV  
  59  6:37  Marine  
  59  6:38  Marine  
  62  6:40  Marine  
  62  6:43  Supply Depot, Stimpack  
  62  6:44  Marine, SCV  
  65  6:49  Refinery  
  65  6:51  Missile Turret  
  68  6:55  Marine x2  
  68  6:57  Marine, Supply Depot  
  68  7:00  SCV  
  66  7:01  Marine  
  66  7:02  SCV  
  68  7:08  Command Center  
  68  7:12  SCV  
  68  7:13  Marine x2  
  68  7:14  SCV  
  72  7:21  Barracks Reactor  
  71  7:24  Supply Depot, SCV  
  71  7:26  Terran Infantry Weapons Level 1  
  73  7:30  Factory Tech Lab  
  73  7:32  Barracks  
  73  7:33  Barracks  
  73  7:34  Starport  
  73  7:35  Siege Tank  
  73  7:36  Marine  
  76  7:38  SCV x2  
  78  7:45  Barracks Reactor  
  78  7:47  Supply Depot  
  78  7:49  Siege Tank  
  78  7:50  SCV x2  
  83  7:54  Marine  
  84  8:01  Marine x2  
  84  8:05  Supply Depot  
  85  8:07  Siege Tank  
  88  8:13  Marine  
  88  8:19  Marine x2  
  91  8:22  Combat Shield, Siege Tank  
  91  8:25  Refinery  
  94  8:27  Marine  
  94  8:28  Marine, Refinery  
  94  8:29  Barracks Reactor  
  94  8:30  Barracks Reactor, Bunker, Supply Depot  
  96  8:35  SCV x2  
  96  8:37  Orbital Command  
  96  8:39  Marine  
  99  8:42  Medivac  
  99  8:44  Medivac  
  99  8:46  Marine  
  104  8:49  SCV  
  104  8:51  Marine x2  
  110  8:55  Siege Tank  
  110  8:56  Marine x2  
  110  9:02  Supply Depot, SCV  
  113  9:03  SCV x2  
  113  9:08  Siege Tank  
  118  9:13  Marine x2  
  118  9:14  Marine x3  
  123  9:17  Medivac  
  123  9:21  Marine x2  
  123  9:22  Viking  
  129  9:24  Marine  
  129  9:28  Terran Infantry Armor Level 1  
  130  9:32  Marine  
  130  9:33  Marine, Supply Depot  
  130  9:34  Marine  
  130  9:35  Supply Depot  
  130  9:36  Marine x2  
  130  9:37  Marine  
  136  9:40  Siege Tank  
  136  9:44  Missile Turret  
  138  9:46  Siege Tank  
  138  9:48  Medivac  
  138  9:49  Marine x2  
  138  9:51  Marine  
  138  9:52  Marine  
  147  9:54  Marine  
  147  9:55  Marine  
  147  9:56  Marine x2  
  151  10:00  Viking  
  151  10:02  Marine  
  154  10:09  Marine x2  
  152  10:15  Marine  
  152  10:16  Marine x5  
  152  10:17  Siege Tank  
  152  10:18  Siege Tank  
  152  10:20  Marine  
  158  10:26  Medivac  
  158  10:27  Marine x2  
  162  10:33  Marine x2  
  162  10:34  Marine x3  
  167  10:36  Marine  
  167  10:37  Marine  
  158  10:44  Marine  
  158  10:45  Marine  
  137  10:51  Marine x3  
  137  10:52  Marine x2  
  137  10:53  Marine  
  137  10:55  Marine  
  137  11:00  Liberator  
  137  11:02  Marine x2, Liberator  
  145  11:06  Siege Tank  
  145  11:09  Marine x4  
  145  11:10  Marine  
  153  11:11  Marine  
  153  11:13  Marine  
  155  11:20  Marine x2  
  157  11:27  Marine  
  139  11:37  Marine x4  
  139  11:38  Marine x4  
  139  11:39  Siege Tank  
  135  11:40  Siege Tank  
  135  11:43  Medivac  
  135  11:44  Marine  
  135  11:45  Medivac  
  117  11:55  Marine x5  
  117  11:56  Marine x3  
  125  12:02  Marine  
  124  12:11  Siege Tank  
  124  12:12  Siege Tank  
  124  12:13  Marine x6, Liberator  
  124  12:14  Marine x2  
  141  12:19  Command Center  
  141  12:22  Marine  
  142  12:31  Marine x6  
  142  12:32  Armory  
  146  12:38  Marine x2  
  146  12:40  Marine, Sensor Tower  
  146  12:43  Siege Tank  
  152  12:44  Siege Tank  
  152  12:47  Liberator  
  152  12:48  Marine  
  159  12:54  Marine x3, Supply Depot  
  159  12:55  Supply Depot  
  159  12:57  Liberator  
  165  13:01  Marine  
  165  13:02  Marine x3  
  169  13:09  Marine x2  
  169  13:12  Marine x3  
  103  13:19  Marine x2  
  103  13:20  Marine x2  
Show
View Real Time Build Order
Export as new Build Order

Astrea Protoss - Winner!

Build Orders: 1 Gate Expand, Blink Stalkers 

Get SALT Encoding   

  12  0:00  Probe  
  13  0:12  Probe  
  14  0:17  Pylon  
  14  0:24  Probe (Chrono Boost)  
  15  0:36  Gateway, Probe (Chrono Boost)  
  16  0:44  Probe (Chrono Boost)  
  16  0:46  Assimilator  
  17  0:51  Probe  
  18  1:03  Probe  
  19  1:15  Probe  
  20  1:23  Nexus  
  20  1:33  Cybernetics Core  
  20  1:36  Probe  
  21  1:42  Assimilator  
  21  1:48  Probe (Chrono Boost)  
  21  1:52  Pylon  
  21  2:00  Probe (Chrono Boost)  
  22  2:08  Adept (Chrono Boost), Probe (Chrono Boost)  
  23  2:09  Warp Gate  
  23  2:14  Probe  
  25  2:22  Twilight Council  
  26  2:28  Probe (Chrono Boost)  
  27  2:30  Stalker  
  27  2:35  Probe (Chrono Boost)  
  32  2:44  Probe x2 (Chrono Boost)  
  32  2:49  Probe (Chrono Boost)  
  32  2:51  Probe  
  34  2:56  Blink (Chrono Boost)  
  34  3:06  Gateway  
  34  3:08  Gateway  
  35  3:12  Probe  
  35  3:17  Robotics Facility  
  35  3:20  Probe  
  35  3:24  Probe  
  37  3:32  Probe  
  37  3:33  Pylon  
  36  3:37  Probe  
  37  3:44  Probe  
  38  3:49  Probe  
  38  3:55  Assimilator  
  39  3:58  Stalker  
  39  4:01  Stalker, Probe  
  45  4:04  Stalker  
  45  4:06  Immortal (Chrono Boost)  
  45  4:08  Shield Battery  
  50  4:13  Pylon  
  50  4:19  Probe x2  
  50  4:22  Stalker  
  54  4:25  Pylon  
  54  4:38  Stalker x2  
  58  4:45  Probe x2  
  54  4:55  Stalker  
  54  4:58  Immortal (Chrono Boost)  
  54  4:59  Pylon  
  58  5:01  Assimilator  
  58  5:02  Stalker  
  58  5:03  Zealot  
  58  5:04  Probe x2  
  60  5:16  Probe  
  60  5:17  Probe  
  62  5:25  Stalker x3  
  68  5:29  Probe  
  68  5:35  Observer (Chrono Boost)  
  71  5:41  Pylon  
  70  5:43  Nexus  
  70  5:46  Probe x2  
  72  5:51  Stalker x2  
  74  5:58  Probe x2  
  68  6:10  Probe x2  
  66  6:20  Stalker x3  
  66  6:22  Probe  
  66  6:23  Probe  
  75  6:25  Observer  
  75  6:26  Observer, Robotics Bay  
  75  6:35  Probe x2  
  75  6:39  Charge  
  77  6:41  Forge  
  77  6:45  Forge  
  77  6:47  Probe x2  
  78  6:48  Observer, Warp Prism (Chrono Boost)  
  78  6:53  Pylon  
  81  6:59  Probe x2  
  83  7:02  Sentry  
  83  7:03  Probe  
  83  7:07  Nexus  
  86  7:10  Protoss Ground Weapons Level 1 (Chrono Boost)  
  86  7:11  Probe x2  
  86  7:14  Protoss Ground Armor Level 1 (Chrono Boost), Colossus (Chrono Boost)  
  87  7:21  Probe  
  94  7:27  Sentry  
  94  7:29  Probe  
  97  7:31  Probe  
  97  7:33  Probe  
  97  7:35  Extended Thermal Lance  
  99  7:38  Gateway  
  99  7:39  Gateway  
  99  7:42  Pylon, Probe  
  99  7:43  Pylon  
  100  7:46  Stalker  
  100  7:48  Probe  
  100  7:50  Probe  
  104  7:54  Probe  
  105  7:58  Pylon  
  105  8:00  Colossus (Chrono Boost), Probe  
  105  8:02  Probe  
  105  8:04  Pylon  
  113  8:06  Probe  
  114  8:17  Nexus, Gateway  
  114  8:19  Gateway x2  
  114  8:28  Gateway  
  114  8:29  Gateway  
  114  8:32  Probe x4  
  118  8:34  Templar Archives  
  118  8:35  Pylon  
  118  8:41  Zealot x3  
  120  8:46  Probe  
  120  8:47  Probe x3  
  128  8:48  Assimilator, Templar Archives  
  128  8:50  Assimilator  
  128  8:54  Colossus (Chrono Boost)  
  134  8:59  Probe x2  
  136  9:08  Protoss Ground Weapons Level 2 (Chrono Boost)  
  136  9:10  Zealot x5  
  136  9:12  Probe x4  
  136  9:16  Protoss Ground Armor Level 2 (Chrono Boost)  
  150  9:17  Zealot x2  
  150  9:19  Pylon  
  150  9:22  Zealot  
  156  9:29  Pylon  
  156  9:30  Pylon, Gravitic Drive (Chrono Boost)  
  156  9:34  High Templar x2, Zealot  
  156  9:35  Zealot  
  164  9:40  Pylon  
  164  9:41  Observer  
  164  9:42  Archon  
  164  9:43  Zealot x3  
  170  9:51  Pylon  
  170  9:52  Gateway  
  170  9:53  Pylon  
  170  9:54  Gateway  
  170  9:58  Gateway  
  170  10:00  Gateway  
  164  10:16  Nexus  
  164  10:17  Zealot x5  
  164  10:18  Zealot x5  
  164  10:19  Gravitic Boosters, Warp Prism (Chrono Boost)  
  184  10:27  Pylon  
  180  10:35  Photon Cannon  
  180  10:36  Shield Battery  
  180  10:38  Dark Shrine  
  180  10:40  Pylon  
  168  10:44  Colossus (Chrono Boost)  
  110  10:57  High Templar x5  
  110  10:58  High Templar, Zealot x8  
  110  11:01  Archon x2  
  110  11:02  Archon  
  132  11:19  Zealot x8  
  146  11:25  Colossus (Chrono Boost)  
  146  11:29  Zealot x5  
  140  11:33  Stalker  
  130  11:40  Zealot x7  
  130  11:41  Zealot  
  130  11:45  Shadow Stride  
  128  11:56  Probe x4  
  128  11:57  Probe  
  128  11:58  High Templar  
  128  11:59  High Templar  
  137  12:01  Zealot x9  
  137  12:04  Warp Prism  
  137  12:05  Archon  
  137  12:08  Zealot x3  
  159  12:26  High Templar x2, Zealot x4  
  171  12:30  Archon  
  171  12:32  Nexus  
  171  12:40  Stalker x5  
  171  12:41  Stalker x2  
  171  12:43  Stalker  
  185  12:44  Warp Prism (Chrono Boost)  
  187  12:55  Pylon  
  187  12:58  Stalker x5  
  187  13:02  Zealot  
  199  13:06  Zealot  
  185  13:13  Stalker x2  
  185  13:14  Stalker x3  

Tags
 
Add a new tag
Caveats
  • Supply blocks, unpowered buildings, or Contaminate may cause inaccurate times.
  • Supply counts are checked every 10 seconds.